 Dungeon Crawl Stone Soup version 0.29-a0-732-g3d7fbe0af2 (webtiles) character file.

Game seed: 8666780904376359159

307 purpskrrrp the Skirmisher (level 6, -1/37 HPs)
             Began as a Kobold Hunter on June 30, 2022.
             Slain by an ogre
             ... wielding a +0 giant spiked club
              (23 damage)
             ... on level 4 of the Dungeon.
             The game lasted 00:10:38 (3565 turns).

purpskrrrp the Skirmisher (Kobold Hunter)           Turns: 3565, Time: 00:10:38

Health: -1/37      AC:  5    Str:  8    XL:     6   Next: 68%
Magic:  0/6        EV: 14    Int: 11    God:
Gold:   220        SH:  0    Dex: 20    Spells: 5/5 levels left

rFire   . . .      SeeInvis .   a - +1 shortbow
rCold   . . .      Faith    .   (shield currently unavailable)
rNeg    . . .      Spirit   +   c - +0 leather armour
rPois   .          Reflect  .   p - +1 helmet
rElec   .          Harm     .   v - scarf {+Inv}
rCorr   .          Rampage  .   (no gloves)
Will    .....                   (no boots)
Stlth   +++.......              g - amulet of guardian spirit
HPRegen 0.12/turn               j - ring of wizardry
MPRegen 0.10/turn               (no ring)

@: no status effects
A: small, no large weapons, nightstalker 3
a: Evoke Invisibility


You were on level 4 of the Dungeon.
You visited 1 branch of the dungeon, and saw 4 of its levels.

You collected 220 gold pieces.

Inventory:

Hand Weapons
 a - a +1 shortbow (weapon)
 n - a +1 dagger of speed
 r - a +2 dagger of draining
 s - a +0 sling
Missiles
 o - 3 javelins
Armour
 c - a +0 leather armour (worn)
 p - a +1 helmet (worn)
 v - a scarf of invisibility (worn)
Jewellery
 g - an amulet of guardian spirit (around neck)
 j - a ring of wizardry (left hand)
Scrolls
 b - a scroll of immolation
 d - 2 scrolls of identify {unknown}
 m - a scroll of teleportation
 t - a scroll of poison
 y - a scroll of enchant weapon
Potions
 e - a potion of heal wounds {unknown}
 f - a potion of resistance {unknown}
 h - a potion of berserk rage {unknown}
 i - 2 potions of flight {unknown}
 k - a potion of magic {unknown}
 l - 2 potions of might {unknown}
 q - 2 potions of brilliance {unknown}
 u - 2 potions of curing {unknown}
 w - a potion of haste {unknown}
 x - a potion of attraction {unknown}


   Skills:
 + Level 3.0 Fighting
 * Level 9.4 Ranged Weapons
 + Level 0.1 Armour
 + Level 2.5 Dodging
 + Level 1.4 Stealth


You had 5 spell levels left.
You didn't know any spells.
Your spell library was empty.

Dungeon Overview and Level Annotations

Branches:
Dungeon (4/15)
 Temple: D:4-7

Altars:

Shops:
D:2 [


Innate Abilities, Weirdness & Mutations

You are small and have problems with some larger weapons.
You are completely attuned to the shadows.


Message History

No target in view!
There is an open door here.
There is an open door here.
You now have 220 gold pieces (gained 18).
A ball python comes into view.
The ball python hisses angrily.
You shoot an arrow.
The arrow barely misses the ball python.
You shoot an arrow. The arrow hits the ball python.
You kill the ball python!
You see here a ball python corpse.
As you open the door, it creaks loudly!
An orc comes into view. It is wielding a +0 mace.
There is an open door here.
You shoot an arrow. The arrow closely misses the orc.
The orc shouts!
You shoot an arrow. The arrow hits the orc.
The orc is lightly wounded.
You shoot an arrow. The arrow closely misses the orc.
The orc hits you with a +0 mace.
You shoot an arrow. The arrow barely misses the orc.
The orc hits you with a +0 mace.
You shoot an arrow. The arrow hits the orc.
You kill the orc!
You start resting.
HP restored.
You see here a +0 mace.
You see here a +0 mace.
There is an open door here.
You open the door.
An ogre comes into view. It is wielding a +0 giant spiked club.
You shoot an arrow. The arrow hits the ogre.
The ogre is moderately wounded.
The ogre hits you with a +0 giant spiked club!
You shoot an arrow. The arrow hits the ogre.
The ogre is moderately wounded.
You shoot an arrow. The arrow completely misses the ogre.
The ogre hits you with a +0 giant spiked club!!
Ouch! That really hurt!
You die...

........#######..#.......##### #
...........[..#..#.......'...# #
.......<......+..'.......#...####
...ā€
..........#..#.......#.....##
..............#'##.......#..##.##
.........#'##............#####...
.........'..#............# #.P.
(........#..#............# #.Pā‰ˆ
###......#..#...@........# #.P.
#############O##.......# #..ā‰ˆ
... #.......# #..P .... #.......#
#... ##.. #.......# ####
#.......# # #.......# # #.......#
# #.......# #


You could see an ogre.

Vanquished Creatures
  4 hounds (D:4)
  Terence (D:2)
  4 gnolls (D:4)
  3 adders
  2 worms
  2 dart slugs (D:1)
  An orc (D:4)
  7 ball pythons
  8 endoplasms
  5 giant cockroaches
  8 goblins
  7 hobgoblins
  6 jackals (D:2)
  6 quokkas
  6 bats
  7 frilled lizards
  7 kobolds
  4 rats
88 creatures vanquished.

Vanquished Creatures (others)
  8 fungi (D:4)
8 creatures vanquished.

Grand Total: 96 creatures vanquished

Notes
Turn   | Place    | Note
-------+----------+-------------------------------------------
     0 | D:1      | purpskrrrp the Kobold Hunter began the quest for the Orb.
     0 | D:1      | Reached XP level 1. HP: 12/12 MP: 1/1
    39 | D:1      | Reached XP level 2. HP: 18/18 MP: 2/2
    57 | D:1      | Reached skill level 6 in Ranged Weapons
    97 | D:1      | Found a faded altar of an unknown god.
   244 | D:1      | Reached XP level 3. HP: 22/22 MP: 3/3
   765 | D:2      | Reached XP level 4. HP: 25/27 MP: 4/4
   810 | D:2      | Noticed Terence
   816 | D:2      | Killed Terence
   817 | D:2      | Reached skill level 7 in Ranged Weapons
   937 | D:2      | Found Darisim's Armour Shop.
  1384 | D:2      | Reached XP level 5. HP: 31/31 MP: 5/5
  2057 | D:3      | Reached skill level 8 in Ranged Weapons
  2759 | D:4      | Reached skill level 9 in Ranged Weapons
  2759 | D:4      | Reached XP level 6. HP: 18/36 MP: 2/6
  3562 | D:4      | Noticed an ogre
  3565 | D:4      | Slain by an ogre

Illustrated notes

Levels and vault maps discovered:
D:1:      lightli_arrival_noodles, layout_rooms, nicolae_ecumenical_lake_church,
          feat_on_display
D:2:      layout_basic, serial_shops, shop, minmay_misc_feat_x,
          minmay_lizard_pond, uniq_terence
D:3:      layout_basic
D:4:      layout_gridville, dreamdust_gnoll_farm, uniq_eustachio

Skill      XL: |  1  2  3  4  5  6 |
---------------+-------------------+-----
Ranged Weapons | 6 7 9 |  9.4
Fighting       | 3 |  3.0
Armour         | |  0.1
Dodging        | |  2.5
Stealth        | |  1.4

Action                   |  1- 3 |  4- 6 || total
-------------------------+-------+-------++-------
 Fire: Shortbow          |    62 |   152 ||   214
  Use: Scroll            |     3 |     2 ||     5
Armor: Leather armour    |    10 |    13 ||    23
Dodge: Dodged            |    22 |    34 ||    56

Table legend: (Time is in decaauts)
 A = Elapsed time spent in this place.
 B = Non-inter-level travel time spent in this place.
 C = Inter-level travel time spent in this place.
 D = Time resting spent in this place.
 E = Time spent auto-exploring this place.
 F = Levels seen in this place.
 G = Mean time per level.
                   A        B        C        D        E       F      G
               +--------+--------+--------+--------+--------+-----+--------+
         Total |   3603 |   3376 |    227 |    257 |   2660 |   4 |  900.8 |
       Dungeon |   3603 |   3376 |    227 |    257 |   2660 |   4 |  900.8 |
               +--------+--------+--------+--------+--------+-----+--------+

Top non-repeatable levels by time:
     D:2: 1282 daAuts
     D:4: 905 daAuts
     D:3: 791 daAuts
     D:1: 624 daAuts
